 Dungeon Crawl Stone Soup version 0.27.0-1-g7a089689b8 (webtiles) character file.

Game seed: 11416563034230737594

56 Smaepdii the Skirmisher (level 3, -1/31 HPs)
             Began as a Draconian Wanderer on Aug 16, 2021.
             Was an Initiate of Gozag.
             Slain by a water moccasin (8 damage)
             ... on level 3 of the Dungeon.
             The game lasted 00:14:09 (2289 turns).

Smaepdii the Skirmisher (Draconian Wanderer)        Turns: 2289, Time: 00:14:09

Health: -1/31      AC:  5    Str: 15    XL:     3   Next: 69%
Magic:  0/4        EV: 11    Int: 12    God:    Gozag
Gold:   188        SH:  0    Dex: 10    Spells: 3/4 levels left

rFire    . . .     SeeInvis .   a - +0 mace
rCold    . . .     Faith    .   (no shield)
rNeg     . . .     Spirit   +   (armour unavailable)
rPois    .         Reflect  .   (helmet restricted)
rElec    .         Harm     .   (no cloak)
rCorr    .         Rampage  .   (no gloves)
Will     .....                  (no boots)
Stlth    +.........             h - amulet of guardian spirit
HPRegen  0.10/turn              (no ring)
MPRegen  0.09/turn              (no ring)

@: no status effects
A: AC +5, unfitting armour, cold-blooded
a: Renounce Religion, Potion Petition, Call Merchant, Bribe Branch


You were on level 3 of the Dungeon.
You worshipped Gozag.
Gozag was aware of your devotion.
You visited 1 branch of the dungeon, and saw 5 of its levels.

You collected 284 gold pieces.
You spent 96 gold pieces at shops.

Inventory:

Hand Weapons
 a - a +0 mace (weapon)
Armour
 e - a +0 pair of gloves
Jewellery
 h - an amulet of guardian spirit (around neck)
Scrolls
 c - 2 scrolls of fear
 d - a scroll of enchant weapon
 g - a scroll of summoning {unknown}
 i - a scroll of blinking {unknown}
Potions
 b - a potion of brilliance
 f - a potion of curing


   Skills:
 + Level 3.1 Fighting
 - Level 1.0 Maces & Flails
 - Level 1.0 Stealth
 - Level 1.0 Spellcasting
 * Level 2.7 Conjurations
 - Level 2.0 Fire Magic
 - Level 2.0 Air Magic
 - Level 1.0 Evocations


You had 3 spell levels left.
You knew the following spells:

 Your Spells              Type           Power      Damage    Failure   Level
a - Shock                 Conj/Air       24%        1d4       12%         1

Your spell library contained the following spells:

 Spells                   Type           Power      Damage    Failure   Level
 Foxfire                  Conj/Fire      24%        2x1d5     12%         1
 Conjure Flame            Conj/Fire      6%         6-21      34%         3
 Mephitic Cloud           Conj/Pois/Air  4%         N/A       43%         3
 Inner Flame              Hex/Fire       3%         N/A       52%         3
 Sticky Flame             Conj/Fire      6%         2d3       75%         4
 Fireball                 Conj/Fire      3%         3d4       97%         5


Dungeon Overview and Level Annotations

Branches:
Dungeon (5/15)
 Temple: D:4-7

Altars:
Gozag

Shops:
D:2 ?

Annotations:
D:4 Eustachio, Robin


Innate Abilities, Weirdness & Mutations

Your plain brown scales are hard. (AC +5)
You cannot fit into any form of body armour.
You are cold-blooded and may be slowed by cold attacks.


Message History

You feel sick.
Your magical contamination has completely faded away.
You feel sick.
You feel sick.
You feel sick.
You start resting.
You feel sick.
You are no longer poisoned.
You start resting.
A water moccasin is nearby!
A water moccasin is nearby!
Aiming: Shock (safe; 12% risk of failure)
Press: ? - help, Q - select action, (/) - cycle Shift-Dir - straight line, f - water moccasin
Aim: a water moccasin (43% to hit)
You miscast Shock.
You are very lightly contaminated with residual magic.
Nothing appears to happen.
Aiming: Shock (safe; 12% risk of failure)
Press: ? - help, Q - select action, (/) - cycle Shift-Dir - straight line, f/p - water moccasin
Aim: a water moccasin (43% to hit)
The zap hits the water moccasin but does no damage.
Aiming: Shock (safe; 12% risk of failure)
Press: ? - help, Q - select action, (/) - cycle Shift-Dir - straight line, f/p - water moccasin
Aim: a water moccasin (43% to hit)
The zap misses the water moccasin.
You closely miss the water moccasin. The water moccasin barely misses you.
The water moccasin closely misses you.
You hit the water moccasin but do no damage.
The water moccasin misses you.
The water moccasin bites you but does no damage.
You closely miss the water moccasin.
The water moccasin closely misses you. x2
Your magical contamination has completely faded away.
The water moccasin bites you but does no damage.
The water moccasin bites you.
* * * LOW HITPOINT WARNING * * *
The water moccasin closely misses you. The water moccasin barely misses you.
You see here a +0 club.
The water moccasin bites you!
You die...
Your body crumbles into a pile of gold.

#....#.....##
######
#....##.....##
#....#
######.......#
#....#
#.......####....#
#........).....^#
####...>.#####....#
.........## #....#
##.......####....#
#..........@....# .
#.........$S....#
..
##..............#
##......)..#####
###.......#
##.....$.#
#.....>..#
#........#
#.###<####


You could see a water moccasin.

Vanquished Creatures
  An adder (D:2)
  A worm (D:2)
  An orc (D:3)
  3 ball pythons
  3 endoplasms (D:1)
  2 giant cockroaches
  4 hobgoblins
  4 kobolds
  3 quokkas
  4 bats (D:1)
  4 frilled lizards
  5 goblins
  8 rats
43 creatures vanquished.

Notes
Turn   | Place    | Note
-------+----------+-------------------------------------------
     0 | D:1      | Smaepdii the Draconian Wanderer began the quest for the
                  | Orb.
     0 | D:1      | Smaepdii set off with the following items: a +0 mace; and
                  | the following spells available to memorise: Foxfire, Shock,
                  | Conjure Flame, Inner Flame, Mephitic Cloud, Sticky Flame,
                  | Fireball
     0 | D:1      | Reached XP level 1. HP: 17/17 MP: 2/2
     5 | D:1      | Learned a level 1 spell: Shock
   196 | D:1      | Found a faded altar of an unknown god.
   214 | D:1      | Reached skill level 1 in Conjurations
   303 | D:1      | Became a worshipper of Gozag Ym Sagoz the Greedy
   324 | D:1      | Reached XP level 2. HP: 25/25 MP: 0/3
  1311 | D:2      | Reached XP level 3. HP: 21/30 MP: 0/4
  1429 | D:2      | Found Fuwibix's Magic Scroll Boutique.
  1439 | D:2      | Bought a scroll of identify for 24 gold pieces
  1439 | D:2      | Bought a scroll of identify for 24 gold pieces
  1441 | D:2      | Bought a scroll of identify for 24 gold pieces
  1441 | D:2      | Bought a scroll of identify for 24 gold pieces
  1628 | D:2      | Reached skill level 3 in Fighting
  2041 | D:3      | Noticed a water moccasin
  2048 | D:3      | You fall into a shaft and drop 2 floors!
  2048 | D:5      | Entered Level 5 of the Dungeon
  2085 | D:5      | Noticed a sky beast
  2101 | D:4      | Noticed Eustachio
  2147 | D:4      | Noticed Robin
  2289 | D:3      | Slain by a water moccasin

Illustrated notes

Levels and vault maps discovered:
D:1:      minmay_arrival_doors, layout_loops_ring,
          hellmonk_ecumenical_altar_zigzags, minmay_pentomino_p4
D:2:      layout_rooms, serial_shops, nicolae_shop_stone
D:3:      layout_rooms, amcnicky_altar_gilded
D:4:      layout_loops_ring, nicolae_ru_awakened_eye, uniq_eustachio, uniq_robin
D:5:      layout_loops_ring, gammafunk_ghost_cemetery

Skill      XL: |  1  2  3 |
---------------+----------+-----
Conjurations   | 1 2 |  2.7
Fighting       | 3 |  3.1
Maces & Flails | |  1.0
Stealth        | |  1.0
Spellcasting   | |  1.0
Fire Magic     | |  2.0
Air Magic      | |  2.0
Evocations     | |  1.0

Action                   || total
-------------------------++-------
Melee: Mace              ||    65
       Tailslap          ||     2
 Cast: Shock             ||    52
  Use: Scroll            ||     4
 Stab: Sleeping          ||     2
Armor: Skin              ||    36
Dodge: Dodged            ||    64
